 Dungeon Crawl Stone Soup version 0.29.1-1-gd02db6906a (webtiles) character file.

Game seed: 1630461393229637836

7763 Descartes the Grappler (level 11, 0/92 HPs)
             Began as a Troll Warper on Sept 27, 2022.
             Slain by a troll (3 damage)
             ... on level 9 of the Dungeon.
             The game lasted 00:14:08 (8070 turns).

Descartes the Grappler (Troll Warper)               Turns: 8070, Time: 00:14:09

Health: 0/92       AC:  8    Str: 21    XL:     11   Next: 1%
Magic:  11/11      EV:  9    Int: 13    God:
Gold:   498        SH:  0    Dex:  9    Spells: 12/12 levels left

rFire   . . .      SeeInvis +     - Unarmed
rCold   . . .      Faith    .   (no shield)
rNeg    . . .      Spirit   .   F - +0 steam dragon scales
rPois   .          Reflect  .   (helmet restricted)
rElec   .          Harm     .   P - +0 cloak
rCorr   .          Rampage  .   (gloves unavailable)
Will    .....                   (boots unavailable)
Stlth   +.........              j - amulet of regeneration
HPRegen 1.85/turn               f - ring of see invisible
MPRegen 0.12/turn               t - ring of flight

@: flying
A: large, unfitting armour, claws 3, regeneration 1, shaggy fur 1, tough skin 1
a: no special abilities


You were on level 9 of the Dungeon.
You visited 2 branches of the dungeon, and saw 10 of its levels.
You also visited: Ossuary.

You collected 498 gold pieces.

Inventory:

Missiles
 c - 7 boomerangs of dispersal (quivered)
 l - 62 stones
 m - 10 poisoned darts
 y - a throwing net
 B - 2 boomerangs
Armour
 F - +0 steam dragon scales (worn)
 N - a +1 robe of positive energy
 P - a +0 cloak (worn)
Jewellery
 f - a ring of see invisible (left claw)
 j - an amulet of regeneration (around neck)
 o - an amulet of guardian spirit
 t - a ring of flight (right claw)
Wands
 H - a wand of digging (7)
 I - a wand of roots (8)
 K - a wand of light (13)
 O - a wand of flame (15)
Scrolls
 a - a scroll of brand weapon
 b - 6 scrolls of blinking
 d - 4 scrolls of fog
 g - 3 scrolls of vulnerability
 h - 7 scrolls of teleportation
 k - a scroll of acquirement {unknown}
 q - 2 scrolls of immolation
 r - 3 scrolls of fear
 x - 2 scrolls of poison {unknown}
 G - 2 scrolls of enchant weapon {unknown}
 J - 3 scrolls of enchant armour
 L - 4 scrolls of amnesia
 S - a scroll of summoning
Potions
 e - a potion of might {unknown}
 i - 4 potions of heal wounds
 n - 6 potions of haste {unknown}
 p - 3 potions of lignification {unknown}
 s - 5 potions of curing
 u - 3 potions of attraction {unknown}
 v - 2 potions of flight {unknown}
 w - 3 potions of brilliance {unknown}
 z - 5 potions of degeneration {unknown}
 A - 2 potions of magic {unknown}
 C - a potion of cancellation {unknown}
 D - 2 potions of resistance
 E - 2 potions of ambrosia {unknown}
 M - 3 potions of mutation {unknown}


   Skills:
 - Level 1.5 Fighting
 + Level 9.6 Throwing
 - Level 1.9 Dodging
 + Level 10.8 Unarmed Combat
 - Level 1.2 Spellcasting
 - Level 2.1 Translocations
 + Level 6.3 Evocations


You had 12 spell levels left.
You didn't know any spells.
Your spell library contained the following spells:

 Spells                   Type           Power      Damage    Failure   Level
 Blink                    Tloc           12%        N/A       17%         2
 Slow                     Hex            0%         N/A       28%         1
 Gell's Gravitas          Tloc           6%         N/A       32%         3
 Lesser Beckoning         Tloc           6%         N/A       32%         3
 Teleport Other           Tloc           6%         N/A       32%         3
 Ensorcelled Hibernation  Hex/Ice        0%         N/A       38%         2
 Passwall                 Tmut/Erth      0%         N/A       38%         2
 Portal Projectile        Hex/Tloc       6%         N/A       47%         3
 Call Canine Familiar     Summ           0%         N/A       63%         3
 Confusing Touch          Hex            0%         N/A       63%         3
 Spider Form              Tmut/Pois      0%         N/A       63%         3
 Swiftness                Air            0%         N/A       63%         3
 Vampiric Draining        Necr           0%         2d6       63%         3
 Anguish                  Hex/Necr       0%         N/A       95%         4
 Leda's Liquefaction      Hex/Erth       0%         N/A       95%         4
 Manifold Assault         Tloc           6%         N/A       97%         5
 Dispersal                Tloc           3%         N/A       100%        6
 Storm Form               Tmut/Air       0%         N/A       100%        7
 Disjunction              Tloc           3%         N/A       100%        8


Dungeon Overview and Level Annotations

Branches:
Dungeon (9/15)             Temple (1/1) D:6         Ossuary (visited)
   Lair: D:8-11         Orc: D:9-12

Altars:
Ashenzari
Dithmenos
Elyvilon
Fedhas
Gozag
Kikubaaqudgha
Makhleb
Nemelex Xobeh
Okawaru
Qazlal
Ru
Sif Muna
Trog
Uskayaw
Vehumet
Wu Jian
Xom
Yredelemnul
Zin
The Shining One

Shops:
D:7 *


Innate Abilities, Weirdness & Mutations

You are too large for most types of armour.
You have claws for hands.
Your natural rate of healing is unusually fast.
You are covered in fur. (AC +1)
You have tough skin. (AC +1)


Message History

The kobold brigand hits you with a +0 dagger.
* * * LOW HITPOINT WARNING * * *
You feel better. The troll bites you but does no damage. The troll claws you.
* * * LOW HITPOINT WARNING * * *
The troll barely misses you.
The kobold brigand hits you with a +0 dagger.
* * * LOW HITPOINT WARNING * * *
The kobold brigand hits you with a +0 dagger.
* * * LOW HITPOINT WARNING * * *
You see here 8 gold pieces.
It was a potion of heal wounds.
You feel much better. The troll bites you.
* * * LOW HITPOINT WARNING * * *
The troll closely misses you. The troll claws you.
* * * LOW HITPOINT WARNING * * *
The kobold brigand closely misses you.
You reach down and open the door.
The troll barely misses you. The troll claws you.
* * * LOW HITPOINT WARNING * * *
The troll claws you.
* * * LOW HITPOINT WARNING * * *
The kobold brigand hits you with a +0 dagger.
* * * LOW HITPOINT WARNING * * *
There is an open door here.
You closely miss the troll.
The troll is heavily wounded.
The troll bites you!
* * * LOW HITPOINT WARNING * * *
The troll barely misses you. The troll claws you.
* * * LOW HITPOINT WARNING * * *
You feel much better. The troll bites you.
* * * LOW HITPOINT WARNING * * *
The troll claws you.
* * * LOW HITPOINT WARNING * * *
The troll barely misses you.
You claw the troll!
The troll is severely wounded.
The troll bites you!
* * * LOW HITPOINT WARNING * * *
The troll closely misses you. The troll claws you.
You die...

.# ... ..#.....
###..+.....#
+###!##.#.....#
#.@TK.#.#.....#
+###y##...#...#
#.#'#........#
#............#
#..#.....##..#
#..#.........#
#..##.........#
..#
....#####......#
..#
#....#...'......#


You could see a troll, a hornet and a kobold brigand.

Vanquished Creatures
  A two-headed ogre (D:8)
  Pikel (D:5)
  Sigmund (D:4)
  A wyvern (D:8)
  10 yaks
  3 steam dragons
  4 water moccasins
  An orc warrior (D:7)
  2 black bears
  3 ice beasts
  A sky beast (D:7)
  An ogre (D:5)
  A phantom (D:6)
  A kobold brigand (D:6)
  An elf zombie (D:8)
  3 bullfrogs
  Blork the orc (D:4)
  15 scorpions
  An elf skeleton (D:8)
  A gnoll sergeant (D:5)
  2 necrophages (D:6)
  9 wights (D:7)
  4 killer bees (D:8)
  A howler monkey (D:7)
  A centaur zombie (Ossuary)
  4 human zombies
  A jelly (D:7)
  Crazy Yiuf (D:6)
  4 hounds
  8 orc priests
  2 gnoll boudas (D:8)
  2 human skeletons (D:8)
  2 iguanas
  3 orc wizards
  4 scorpion zombies (Ossuary)
  An ogre zombie (D:5)
  3 mummies (Ossuary)
  10 gnolls
  An orc zombie (D:5)
  5 adders
  A shadow imp (D:7)
  A white imp (D:7)
  An ufetubus (D:4)
  A dart slug (D:3)
  25 orcs
  A bat (D:2)
  4 endoplasms
  3 giant cockroaches
  7 goblins
  2 hobgoblins
  3 jackals (D:2)
  2 quokkas
  5 ball pythons
  A frilled lizard (D:3)
  2 gnoll zombies (Ossuary)
  3 goblin zombies (Ossuary)
  4 hobgoblin zombies (Ossuary)
  7 kobolds
  An orc skeleton (D:8)
  3 rats
198 creatures vanquished.

Vanquished Creatures (others)
  A plant (D:3)
1 creature vanquished.

Grand Total: 199 creatures vanquished

Notes
Turn   | Place    | Note
-------+----------+-------------------------------------------
     0 | D:1      | Descartes the Troll Warper began the quest for the Orb.
     0 | D:1      | Reached XP level 1. HP: 19/19 MP: 1/1
   271 | D:1      | Found a faded altar of an unknown god.
   365 | D:1      | Reached XP level 2. HP: 24/27 MP: 2/2
   782 | D:2      | Reached skill level 1 in Throwing
   782 | D:2      | Reached skill level 3 in Unarmed Combat
   938 | D:2      | Reached XP level 3. HP: 33/33 MP: 3/3
  1660 | D:3      | Reached XP level 4. HP: 15/41 MP: 4/4
  1769 | D:3      | Reached skill level 4 in Unarmed Combat
  2173 | D:3      | Reached XP level 5. HP: 33/48 MP: 5/5
  2181 | D:3      | HP: 1/48 [orc/+0 flail (8)]
  2386 | D:4      | Noticed Sigmund
  2437 | D:4      | Killed Sigmund
  2438 | D:4      | Reached skill level 5 in Unarmed Combat
  2438 | D:4      | Reached XP level 6. HP: 25/55 MP: 6/6
  2632 | D:4      | Reached XP level 7. HP: 19/62 MP: 7/7
  2744 | D:4      | Reached skill level 6 in Unarmed Combat
  2750 | D:4      | Noticed Blork the orc
  2764 | D:4      | Killed Blork the orc
  2765 | D:4      | Reached skill level 5 in Throwing
  3002 | D:5      | Entered Level 5 of the Dungeon
  3079 | D:5      | Reached XP level 8. HP: 29/70 MP: 8/8
  3087 | D:5      | Reached skill level 7 in Unarmed Combat
  3143 | D:5      | Found a transporter.
  3157 | D:5      | Reached skill level 1 in Evocations
  3458 | D:5      | Found a transporter.
  3776 | D:5      | Found a stormy altar of Qazlal.
  3981 | D:6      | Found a staircase to the Ecumenical Temple.
  3990 | Temple   | Entered the Ecumenical Temple
  4304 | D:6      | Reached skill level 8 in Unarmed Combat
  4373 | D:6      | Found a runed translucent door.
  4374 | D:6      | Noticed Crazy Yiuf
  4555 | D:6      | Noticed Pikel
  4612 | D:5      | Killed Pikel
  4613 | D:5      | Reached XP level 9. HP: 36/76 MP: 9/9
  5040 | D:6      | Killed Crazy Yiuf
  5142 | D:7      | Found a glowing golden altar of the Shining One.
  5146 | D:7      | Found a radiant altar of Vehumet.
  5147 | D:7      | Found a hide-covered altar of Uskayaw.
  5147 | D:7      | Found a sparkling altar of Nemelex Xobeh.
  5147 | D:7      | Found an opulent altar of Gozag.
  5147 | D:7      | Found a shimmering blue altar of Sif Muna.
  5148 | D:7      | Found a broken altar of Ashenzari.
  5150 | D:7      | Found a sacrificial altar of Ru.
  5152 | D:7      | Found an ornate altar of the Wu Jian Council.
  5320 | D:7      | Reached skill level 9 in Unarmed Combat
  5398 | D:7      | Found Goufohiz's Island Escapes.
  6402 | D:8      | Reached XP level 10. HP: 44/85 MP: 10/10
  6501 | D:8      | Found a sand-covered staircase.
  6512 | Ossuary  | Entered an ossuary
  6593 | Ossuary  | Reached skill level 5 in Evocations
  7016 | D:8      | Reached skill level 10 in Unarmed Combat
  7334 | D:8      | Noticed a two-headed ogre
  7340 | D:8      | Killed a two-headed ogre
  8055 | D:9      | Reached XP level 11. HP: 47/92 MP: 11/11
  8059 | D:9      | HP: 4/92 [troll (2)]
  8064 | D:9      | HP: 2/92 [kobold brigand/+0 dagger (3)]
  8070 | D:9      | HP: 3/92 [troll (14)]
  8070 | D:9      | Slain by a troll

Illustrated notes

Levels and vault maps discovered:
D:1:      eino_arrival_tree_alley, layout_loops_ring,
          chequers_ecumenical_altar_twisty
D:2:      layout_basic, minmay_tetromino_s2
D:3:      wad_pebble_path, layout_loops_ring, serial_bayou_lake_a
D:4:      layout_basic, uniq_blork_the_orc, uniq_sigmund
D:5:      gammafunk_cloud_chamber, layout_basic, lemuel_coloured_pillars_altar,
          corexii_item_surrounded_by_moat
D:6:      layout_basic, minmay_temple_entry_trees, serial_corexii_hall,
          chequers_hall_statues_y, corexii_hall_statues_t, chequers_avenue,
          uniq_pikel, uniq_crazy_yiuf_cottage
D:7:      layout_layer_cave, minitemple, nicolae_island_escapes
D:8:      layout_loops_corners, nicolae_ossuary_entry_catacombs, minivault_10
D:9:      minmay_blocky_corners, layout_stronghold,
          mainiacjoe_overflow_surrounded_room, enter_bailey_2,
          minmay_joined_circles
Temple:   nicolae_temple_two_arcs

Skill      XL: |  1  2  3  4  5  6  7  8  9 10 |
---------------+-------------------------------+-----
Throwing       | 1 2 4 5 7 8 9 |  9.6
Unarmed Combat | 3 4 5 6 8 9 10 | 10.8
Evocations     | 3 4 6 |  6.3
Fighting       | |  1.5
Dodging        | |  1.9
Spellcasting   | |  1.2
Translocations | |  2.1

Action                   |  1- 3 |  4- 6 |  7- 9 | 10-12 || total
-------------------------+-------+-------+-------+-------++-------
Melee: Unarmed           |    84 |   121 |   299 |   282 ||   786
       Punch             |     2 |     2 |    17 |    15 ||    36
  Use: Scroll            |       |       |     9 |     2 ||    11
       Potion            |       |       |       |     4 ||     4
 Stab: Sleeping          |       |     1 |       |       ||     1
Armor: Robe              |    29 |    31 |    27 |       ||    87
       Steam dragon scal |       |       |   106 |    97 ||   203
Dodge: Dodged            |    49 |    50 |   130 |   133 ||   362
